 Dungeon Crawl Stone Soup version 0.29.1-4-g47bece8355 (webtiles) character file.

Game seed: 954579044006814120

5998 ChadusMaximus the Reanimator (level 10, -1/63 HPs)
             Began as a Demonspawn Necromancer on Dec 3, 2022.
             Succumbed to a kobold brigand's curare-tipped dart
             ... on level 7 of the Dungeon.
             The game lasted 00:38:57 (13971 turns).

ChadusMaximus the Reanimator (DsNe)                Turns: 13971, Time: 00:38:58

Health: -1/63      AC:  8    Str: 10    XL:     10   Next: 55%
Magic:  23/23      EV: 11    Int: 27    God:
Gold:   627        SH:  0    Dex: 13    Spells: 19/28 levels left

rFire   . . .      SeeInvis .   C - +4 short sword (freeze)
rCold   . . .      Faith    .   (no shield)
rNeg    . . .      Spirit   .   b - +1 ring mail of Keerivol {Drain Int+7}
rPois   .          Reflect  .   (no helmet)
rElec   .          Harm     .   (no cloak)
rCorr   .          Rampage  .   (gloves unavailable)
Will    .....                   (no boots)
Stlth   ++........              z - amulet of magic regeneration
HPRegen 0.20/turn               (no ring)
MPRegen 0.58/turn               (no ring)

@: lethally poisoned (-1 -> -9), slowed, very slow
A: claws 3, icy blue scales 1, foul stench 2, demonic magic 1
a: no special abilities


You were on level 7 of the Dungeon.
You visited 2 branches of the dungeon, and saw 9 of its levels.
You also visited: Sewer.

You collected 627 gold pieces.

Inventory:

Hand Weapons
 s - a +0 club
 t - a +4 dagger of distortion
 x - a +0 spear
 C - a +4 short sword of freezing (weapon)
 E - a +0 dagger
 H - a +3 quarterstaff of chaos
 I - a +0 hammer
Missiles
 v - 3 throwing nets
Armour
 a - a +0 robe
 b - the +1 ring mail of Keerivol (worn) {Drain Int+7}
   (You took it off a gnoll bouda on level 5 of the Dungeon)

   Int:       It affects your intelligence (+7).
   Drain:     It drains your maximum health when unequipped.
 l - a +0 ring mail
 n - the +0 scale mail "Ettu" {rPois}
   (You took it off a gnoll on level 2 of the Dungeon)

   rPois:     It protects you from poison.
 J - a +0 cloak
Magical Staves
 w - a staff of earth
Jewellery
 y - an amulet of guardian spirit
 z - an amulet of magic regeneration (around neck)
 P - a ring of see invisible
 S - an amulet of reflection
Wands
 h - a wand of flame (17)
 u - a wand of roots (6)
 D - a wand of paralysis (7)
 Q - a wand of digging (5)
Scrolls
 c - 4 scrolls of enchant weapon
 d - 5 scrolls of teleportation
 e - 2 scrolls of brand weapon
 g - 2 scrolls of immolation
 j - 2 scrolls of noise
 k - 5 scrolls of poison
 p - 3 scrolls of vulnerability
 r - 2 scrolls of identify
 A - 2 scrolls of fear
 B - a scroll of summoning {unknown}
 F - 3 scrolls of enchant armour {unknown}
 L - a scroll of torment {unknown}
 M - a scroll of acquirement {unknown}
 R - a scroll of magic mapping {unknown}
Potions
 f - 2 potions of curing
 m - 2 potions of lignification
 o - 2 potions of attraction {unknown}
 q - 2 potions of mutation {unknown}
 G - a potion of brilliance {unknown}
 K - a potion of invisibility {unknown}
 N - a potion of degeneration {unknown}
 O - a potion of ambrosia {unknown}


   Skills:
 - Level 4.0 Dodging
 - Level 4.3 Stealth
 + Level 9.9 Spellcasting
 + Level 12.3 Necromancy


You had 19 spell levels left.
You knew the following spells:

 Your Spells              Type           Power      Damage    Failure   Level
a - Necrotise             Necr           100%       1d9       1%          1
b - Vampiric Draining     Necr           69%        2d10      1%          3
c - Agony                 Necr           69%        N/A       1%          5

Your spell library contained the following spells:

 Spells                   Type           Power      Damage    Failure   Level
 Animate Dead             Necr           69%        N/A       1%          4
 Blink                    Tloc           26%        N/A       17%         2
 Ensorcelled Hibernation  Hex/Ice        26%        N/A       17%         2
 Passwall                 Tmut/Erth      10%        N/A       17%         2
 Scorch                   Fire           26%        2d6       17%         2
 Ignite Poison            Fire/Tmut/Pois 13%        N/A       34%         3
 Lesser Beckoning         Tloc           13%        N/A       34%         3
 Mephitic Cloud           Conj/Pois/Air  13%        N/A       34%         3
 Swiftness                Air            13%        N/A       34%         3
 Flame Wave               Conj/Fire      13%        2d6       75%         4
 Summon Lightning Spire   Summ/Air       13%        N/A       75%         4
 Freezing Cloud           Conj/Ice/Air   6%         6-21      97%         5
 Manifold Assault         Tloc           13%        N/A       97%         5
 Summon Cactus Giant      Summ           6%         N/A       100%        6
 Storm Form               Tmut/Air       6%         N/A       100%        7
 Maxwell's Capacitive Co  Air            6%         ∞         100%        8


Dungeon Overview and Level Annotations

Branches:
Dungeon (8/15)             Temple (1/1) D:4           Sewer (visited)
   Lair: D:8-11

Altars:
Ashenzari
Cheibriados
Fedhas
Gozag
Hepliaklqana
Kikubaaqudgha
Makhleb
Nemelex Xobeh
Okawaru
Qazlal
Ru
Sif Muna
Trog
Uskayaw
Vehumet
Wu Jian
Xom

Shops:
D:1 ?[=[

Annotations:
D:5 3 runed translucent doors, Dickchan's ghost, novice KoHu


Innate Abilities, Weirdness & Mutations

You have claws for hands.
You are partially covered in icy blue scales. (AC +2)
You sometimes emit foul miasma when damaged in melee.
Spells you cast may paralyse adjacent enemies.


Message History

The kobold brigand throws a curare-tipped dart.
The curare-tipped dart barely misses you.
The kobold brigand throws a curare-tipped dart.
The curare-tipped dart hits you.
You are poisoned.
You have difficulty breathing.
You feel as though you will be slow longer.
You feel extremely sick.
You feel very sick.
The kobold brigand throws a curare-tipped dart.
The curare-tipped dart hits you.
You are more poisoned.
You have difficulty breathing.
* * * LOW HITPOINT WARNING * * *
You feel as though you will be slow longer.
Unknown command.
* * * LOW HITPOINT WARNING * * *
You feel very sick.
* * * LOW HITPOINT WARNING * * *
You feel very sick.
The kobold brigand throws a curare-tipped dart.
The curare-tipped dart hits you.
You are more poisoned.
You have difficulty breathing.
* * * LOW HITPOINT WARNING * * *
You feel as though you will be slow longer.
Okay, then.
You feel much better.
* * * LOW HITPOINT WARNING * * *
You feel extremely sick.
* * * LOW HITPOINT WARNING * * *
You feel very sick.
The kobold shouts!
There is a stone staircase leading up, spattered with blood here.
* * * LOW HITPOINT WARNING * * *
You feel very sick.
The kobold brigand hits you with a +0 whip.
* * * LOW HITPOINT WARNING * * *
You climb upwards.
You die...

## #..# ##...............#### .#
###.####...............####.
.#####...###................##...
......##..#......).........#.....
...####..........................
...# ##.###......................
...# #...###.....................
...###...####...............)....
...##.....####..@[...............
............###.K................
P...).....).[..).................
.♣.♣.....................#.......
..♣........♣.............######..
.♣♣♣♣....♣.P.♣P.[.#......####....
######'''#........##..........###
.....#...#.♣♣♣P♣...##...#######
.....#.>.#####♣P...##.###


You could see a kobold brigand.

Vanquished Creatures
  Erica (D:7)
  A two-headed ogre (D:6)
  Pikel (D:5)
  Psyche (D:8)
  Grinder (D:6)
  A wyvern (D:7)
  Grum (D:8)
  2 water moccasins (D:7)
  An orc warrior (D:7)
  A sky beast (D:6)
  4 ice beasts
  2 black bears
  An ogre (D:4)
  2 wolves
  4 phantoms
  3 centaurs (D:7)
  A lemure (D:5)
  Blork the orc (D:5)
  A necrophage (D:5)
  2 bullfrogs
  A gnoll sergeant (D:7)
  4 scorpions
  2 jellies
  A howler monkey (D:5)
  10 hounds
  Crazy Yiuf (D:5)
  2 orc priests
  2 gnoll boudas (D:5)
  An iguana (D:5)
  4 orc wizards
  Robin (D:4)
  18 gnolls
  9 adders
  2 shadow imps (D:5)
  2 white imps
  An ufetubus (D:5)
  2 worms (D:3)
  3 dart slugs
  13 orcs
  11 endoplasms
  12 giant cockroaches
  16 goblins
  16 hobgoblins
  9 quokkas
  14 ball pythons
  5 bats
  5 frilled lizards
  12 kobolds
  10 rats
221 creatures vanquished.

Vanquished Creatures (collateral kills)
  An ogre (D:7)
  A phantom (D:4)
  A bullfrog (Sewer)
  A hound (D:7)
  An orc wizard (D:7)
  A gnoll (D:4)
  An adder (D:3)
  An orc (D:6)
  An endoplasm (Sewer)
  2 giant cockroaches (Sewer)
  2 goblins (D:4)
  2 hobgoblins (D:7)
  4 quokkas
  2 ball pythons (Sewer)
  2 frilled lizards (Sewer)
23 creatures vanquished.

Vanquished Creatures (others)
  37 plants (D:7)
37 creatures vanquished.

Grand Total: 281 creatures vanquished

Notes
Turn   | Place    | Note
-------+----------+-------------------------------------------
     0 | D:1      | ChadusMaximus the Demonspawn Necromancer began the quest
                  | for the Orb.
     0 | D:1      | Reached XP level 1. HP: 13/13 MP: 3/3
    67 | D:1      | Found Imnat's Armour Shop.
   323 | D:1      | Found Fustro Zaakun's Magic Scroll Boutique.
   459 | D:1      | Found Bonafilu's Jewellery Shop.
   465 | D:1      | Gained mutation: Spells you cast may paralyse adjacent
                  | enemies. [demonic ancestry]
   465 | D:1      | Reached XP level 2. HP: 9/19 MP: 0/5
   803 | D:1      | Found a faded altar of an unknown god.
   854 | D:1      | Found Wujaddah's Armour Emporium.
  1292 | D:2      | Identified the +0 scale mail "Ettu" {rPois}
  1295 | D:2      | Gained mutation: You have sharp fingernails. [demonic
                  | ancestry]
  1295 | D:2      | Reached XP level 3. HP: 24/24 MP: 3/6
  2112 | D:3      | Found a blossoming altar of Fedhas.
  2138 | D:3      | Found a glowing drain.
  2145 | D:3      | Gained mutation: You may rarely emit foul miasma when
                  | damaged in melee. [demonic ancestry]
  2145 | D:3      | Reached XP level 4. HP: 30/30 MP: 0/7
  2216 | Sewer    | Entered a sewer
  2500 | Sewer    | Reached skill level 5 in Necromancy
  3019 | Sewer    | Gained mutation: You have very sharp fingernails. [demonic
                  | ancestry]
  3019 | Sewer    | Reached XP level 5. HP: 30/35 MP: 2/9
  3159 | Sewer    | Reached XP level 6. HP: 15/41 MP: 0/11
  3467 | D:3      | Learned a level 3 spell: Vampiric Draining
  3864 | D:3      | Found a bloodstained altar of Trog.
  4149 | D:3      | Found a sacrificial altar of Ru.
  4530 | D:3      | Found a hazy altar of Hepliaklqana.
  5080 | D:4      | Found an ornate altar of the Wu Jian Council.
  5131 | D:4      | Found a staircase to the Ecumenical Temple.
  5137 | Temple   | Entered the Ecumenical Temple
  5636 | D:4      | Noticed Robin
  5663 | D:4      | Killed Robin
  5796 | D:4      | Reached skill level 6 in Necromancy
  5796 | D:4      | Gained mutation: You sometimes emit foul miasma when
                  | damaged in melee. [demonic ancestry]
  5796 | D:4      | Reached XP level 7. HP: 43/46 MP: 2/12
  6839 | D:5      | Entered Level 5 of the Dungeon
  6949 | D:5      | Noticed Blork the orc
  7274 | D:5      | Noticed Dickchan's ghost (novice KoHu)
  7322 | D:5      | Found a runed translucent gate.
  7323 | D:5      | Found a runed translucent gate.
  7324 | D:5      | Found a runed translucent gate.
  7469 | D:5      | Killed Blork the orc
  7685 | D:5      | Reached skill level 7 in Necromancy
  7724 | D:5      | Reached skill level 5 in Spellcasting
  7724 | D:5      | Gained mutation: You are partially covered in icy blue
                  | scales. (AC +2) [demonic ancestry]
  7724 | D:5      | Reached XP level 8. HP: 47/52 MP: 3/15
  8206 | D:5      | Found an opulent altar of Gozag.
  8310 | D:5      | Paralysed by an orc wizard for 3 turns
  8316 | D:5      | Reached skill level 8 in Necromancy
  8610 | D:5      | Found a runed translucent door.
  8611 | D:5      | Noticed Crazy Yiuf
  8751 | D:5      | Identified the +1 ring mail of Keerivol {Drain Int+7}
  8905 | D:5      | Learned a level 5 spell: Agony
  9191 | D:5      | Killed Crazy Yiuf
  9637 | D:6      | Noticed a two-headed ogre
  9657 | D:6      | Noticed Grinder
  9954 | D:6      | Paralysed by Grinder for 2 turns
  9961 | D:6      | Paralysed by Grinder for 4 turns
  9989 | D:6      | Killed Grinder
  9990 | D:6      | Reached skill level 9 in Necromancy
  9990 | D:6      | Reached XP level 9. HP: 14/57 MP: 19/19
 10508 | D:6      | Killed a two-headed ogre
 10723 | D:6      | Reached skill level 10 in Necromancy
 10759 | D:6      | Paralysed by an orc for 3 turns
 10787 | D:6      | Noticed Pikel
 11164 | D:5      | Killed Pikel
 11585 | D:7      | Reached skill level 11 in Necromancy
 12092 | D:7      | Gained mutation: You have claws for hands. [demonic
                  | ancestry]
 12092 | D:7      | Reached XP level 10. HP: 42/63 MP: 19/22
 13122 | D:8      | Noticed Grum
 13122 | D:8      | Noticed Erica
 13563 | D:7      | Killed Erica
 13564 | D:7      | Reached skill level 12 in Necromancy
 13736 | D:8      | Killed Grum
 13853 | D:8      | Noticed Psyche
 13859 | D:8      | Killed Psyche
 13967 | D:8      | HP: 1/63 [asphyx]
 13971 | D:7      | Succumbed to a kobold brigand's curare-tipped dart

Illustrated notes

Levels and vault maps discovered:
D:1:      eino_arrival_cavern_d, layout_basic,
          shapermc_ecumenical_altar_acropolis, serial_shops,
          nicolae_shop_competitors_out_of_business, nicolae_shop_waterfront,
          nicolae_shop_statue_plus, nicolae_shop_trees
D:2:      layout_rooms
D:3:      layout_loops_ring, trog_hazing_becter,
          mainiacjoe_overflow_cross_hatched, nicolae_hepliaklqana_hippocampus,
          fedhas_altar_4, portal_sewer_entry_b
D:4:      minmay_angry_zag, layout_basic, old_standard_altar,
          minmay_temple_entry_wispy, minivault_4, kennysheep_cross_room,
          uniq_robin
D:5:      minmay_razor_zed, layout_rooms, mainiacjoe_overflow_alcove_4,
          mainiacjoe_overflow_paths, gammafunk_ghost_icy, serial_park_tiny_2,
          minmay_misc_feat_iff, uniq_blork_the_orc, uniq_crazy_yiuf_cottage
D:6:      layout_gridville, uniq_grinder, uniq_pikel
D:7:      kennysheep_housing_project, layout_cave_pods
D:8:      layout_rooms, uniq_psyche, uniq_grum, uniq_erica
Temple:   nicolae_temple_ecumenical_triangle

Skill      XL: |  1  2  3  4  5  6  7  8  9 10 |
---------------+-------------------------------+-----
Stealth        | 2 3 4 |  4.3
Dodging        | 2 3 4 |  4.0
Necromancy     | 5 6 7 9 11 12 | 12.3
Spellcasting   | 3 5 6 8 9 |  9.9

Action                   |  1- 3 |  4- 6 |  7- 9 | 10-12 || total
-------------------------+-------+-------+-------+-------++-------
Melee: Unarmed           |     9 |       |       |       ||     9
       Punch             |     1 |       |     4 |       ||     5
       Club              |       |    27 |       |       ||    27
       Spear             |       |    19 |    82 |       ||   101
       Quarterstaff      |       |       |    46 |       ||    46
       Short sword       |       |       |    73 |    18 ||    91
 Cast: Necrotise         |    74 |   186 |   212 |   106 ||   578
       Vampiric Draining |       |     1 |     4 |    11 ||    16
       Agony             |       |       |     8 |     4 ||    12
  Use: Scroll            |       |       |    12 |     1 ||    13
       Potion            |       |       |     4 |     2 ||     6
 Stab: Paralysed         |       |     6 |     3 |     3 ||    12
Armor: Robe              |     5 |       |       |       ||     5
       Ring mail         |     4 |    27 |   113 |    23 ||   167
Dodge: Dodged            |    32 |    46 |   132 |    40 ||   250
